 Dungeon Crawl Stone Soup version 0.28.0-45-g0d030f2227 (webtiles) character file.

Game seed: 15926549741536444268

273 Kangaroobicon the Chopper (level 6, 0/55 HPs)
             Began as a Hill Orc Fighter on Apr 9, 2022.
             Slain by a lemure (6 damage)
             ... led by Pikel
             ... while paralysed by Ijyb
             ... on level 4 of the Dungeon.
             The game lasted 00:17:25 (1177 turns).

Kangaroobicon the Chopper (Hill Orc Fighter)        Turns: 1177, Time: 00:17:25

Health: 0/55       AC: 11    Str: 19    XL:     6   Next: 24%
Magic:  6/6        EV:  2    Int:  8    God:
Gold:   70         SH:  0    Dex: 12    Spells: 5/5 levels left

rFire   . . .      SeeInvis .   a - +0 war axe
rCold   . . .      Faith    .   c - +0 buckler
rNeg    . . .      Spirit   .   b - +0 scale mail
rPois   .          Reflect  .   l - +0 helmet
rElec   .          Harm     .   (no cloak)
rCorr   .          Rampage  .   k - +2 pair of gloves
Will    .....                   (no boots)
Stlth   ..........              (no amulet)
HPRegen 0.18/turn               d - ring of wizardry
MPRegen 0.10/turn               (no ring)

@: paralysed
A: no striking features
a: no special abilities


You were on level 4 of the Dungeon.
You visited 1 branch of the dungeon, and saw 3 of its levels.

You collected 70 gold pieces.

Inventory:

Hand Weapons
 a - a +0 war axe (weapon)
 m - a +1 dagger of flaming
Missiles
 f - 31 arrows
 g - 23 stones (quivered)
 n - 6 poisoned darts
 p - 11 sling bullets
Armour
 b - a +0 scale mail (worn)
 c - a +0 buckler (worn)
 k - a +2 pair of gloves (worn)
 l - a +0 helmet (worn)
Jewellery
 d - a ring of wizardry (left hand)
Scrolls
 e - a scroll of blinking {unknown}
 i - 2 scrolls of enchant armour
 j - 3 scrolls of identify
 o - a scroll of noise {unknown}
Potions
 h - 5 potions of curing


   Skills:
 + Level 4.8 Fighting
 + Level 6.0 Axes
 + Level 4.3 Armour
 + Level 0.7 Dodging
 + Level 0.9 Stealth
 + Level 3.6 Shields


You had 5 spell levels left.
You didn't know any spells.
Your spell library was empty.

Dungeon Overview and Level Annotations

Branches:
Dungeon (2/15)

Altars:

Annotations:
D:4 Ijyb, Pikel


Message History

You block the lemure's attack. You block Pikel's attack.
Ijyb hits you with a +0 dagger. The lemure hits you.
Pikel hits you but does no damage. The lemure hits you. The lemure misses you.
Ijyb screams, "It's all mine!"
You block Ijyb's attack. You block the lemure's attack.
The lemure hits you but does no damage.
You slash the lemure!
The lemure is heavily wounded.
You closely miss the lemure. You closely miss Ijyb. You hit the lemure. x2
You closely miss Pikel. Pikel hits you but does no damage.
The lemure barely misses you. You block the lemure's attack.
Ijyb hits you but does no damage.
The lemure hits you but does no damage. x2
Pikel zaps a wand.
You resist with some effort. The lemure hits you.
The lemure closely misses you.
You closely miss Ijyb. You barely miss the lemure. You slash the lemure!
You closely miss Pikel. You miss the lemure. You barely miss the lemure.
Ijyb hits you but does no damage. The lemure barely misses you.
The lemure hits you but does no damage.
Pikel hits you with a +0 whip of freezing!
Pikel freezes you. The lemure hits you. The lemure hits you but does no damage.
You hit Pikel but do no damage. You closely miss the lemure.
You hit the lemure. You completely miss Ijyb. You hit the lemure.
You hit the lemure but do no damage.
Ijyb zaps a wand.
You suddenly lose the ability to move!
The lemure hits you. x2
The lemure hits you but does no damage.
Pikel hits you with a +0 whip of freezing.
* * * LOW HITPOINT WARNING * * *
Pikel freezes you.
* * * LOW HITPOINT WARNING * * *
The lemure hits you.
* * * LOW HITPOINT WARNING * * *
Ijyb hits you but does no damage.
The lemure hits you but does no damage. x3
Pikel says, "You'll rot in Tartarus!"
Pikel zaps a wand.
You shrug off the repeated paralysis!
The lemure hits you.
* * * LOW HITPOINT WARNING * * *
Ijyb hits you with a +0 dagger.
* * * LOW HITPOINT WARNING * * *
The lemure hits you.
You die...

...#................>....
####.....................
.....#'#####+##....####..
.....#..# #....#
.....#..# #....#
.....#..# ##....#+##.
######'## #..........
........# +.5K.......
........# #..@5......
.###...#####+#.5g5......
.###...#.......######...
..#....#.......# .
..'....#.......#
.##....#.......#
.#######.......#
.......#.......+
###....#.......#


You could see Pikel, 4 lemures and Ijyb.

Vanquished Creatures
  Sigmund (D:2)
  Robin (D:2)
  4 adders
  2 dart slugs (D:2)
  An orc (D:2)
  4 ball pythons
  7 endoplasms
  A giant cockroach (D:4)
  14 goblins
  7 hobgoblins (D:1)
  7 kobolds
  3 quokkas
  6 bats
  4 frilled lizards
  6 rats
68 creatures vanquished.

Vanquished Creatures (others)
  8 plants (D:4)
8 creatures vanquished.

Grand Total: 76 creatures vanquished

Notes
Turn   | Place    | Note
-------+----------+-------------------------------------------
     0 | D:1      | Kangaroobicon the Hill Orc Fighter began the quest for the
                  | Orb.
     0 | D:1      | Reached XP level 1. HP: 19/19 MP: 1/1
    76 | D:1      | Found a faded altar of an unknown god.
    89 | D:1      | Reached XP level 2. HP: 18/27 MP: 2/2
   206 | D:1      | Reached skill level 3 in Axes
   206 | D:1      | Reached XP level 3. HP: 23/33 MP: 3/3
   451 | D:2      | Noticed Robin
   459 | D:2      | Reached XP level 4. HP: 37/40 MP: 4/4
   465 | D:2      | Killed Robin
   552 | D:2      | Noticed Sigmund
   569 | D:2      | Killed Sigmund
   570 | D:2      | Reached skill level 5 in Axes
   570 | D:2      | Reached XP level 5. HP: 5/47 MP: 5/5
   570 | D:2      | Reached XP level 6. HP: 6/55 MP: 6/6
   913 | D:2      | You fall into a shaft and drop 2 floors!
  1050 | D:4      | Reached skill level 6 in Axes
  1162 | D:4      | Noticed Pikel
  1162 | D:4      | Noticed Ijyb
  1164 | D:4      | Paralysed by Pikel for 6 turns
  1175 | D:4      | Paralysed by Ijyb for 6 turns
  1177 | D:4      | Slain by a lemure

Illustrated notes

Levels and vault maps discovered:
D:1:      grunt_arrival_crossed_arrows, layout_rooms,
          chequers_ecumenical_altar_island
D:2:      layout_rooms, minmay_split_cup_small, uniq_robin, uniq_sigmund
D:4:      layout_gridville, mainiacjoe_overflow_catwalk, gammafunk_ghost_smash,
          serial_bayou_lake_a, uniq_pikel, uniq_ijyb

Skill      XL: |  1  2  3  4  5  6 |
---------------+-------------------+-----
Fighting       | 4 |  4.8
Axes           | 3 5 6 |  6.0
Armour         | 4 |  4.3
Dodging        | |  0.7
Stealth        | |  0.9
Shields        | |  3.6

Action                   |  1- 3 |  4- 6 || total
-------------------------+-------+-------++-------
Melee: War axe           |    87 |    76 ||   163
  Use: Potion            |       |     2 ||     2
       Scroll            |       |     1 ||     1
Armor: Scale mail        |    47 |    48 ||    95
Dodge: Dodged            |    41 |    31 ||    72
Block: Buckler           |    22 |    18 ||    40
